Selects Italian Coastal Battlegroup
Selects Italian Coastal Battlegroup
Construct Infanterie Kompanie
Selects Designated Artillery Overwatch
Selects Designated Artillery Overwatch
Designated Artillery Overwatch
Construct Luftwaffe Kompanie
Construct Panzergrenadier Kompanie
Designated Artillery Overwatch
Nebelwerfer 42 Rocket Launcher Team
Construct Panzer Kompanie
Selects Artillery Officer
Selects Call the Reserves!
Selects Obice da 210/22 Artillery Emplacement